 Dungeon Crawl Stone Soup version 0.25-a0-341-g6f074c8 (webtiles) character file.

Game seed: 10989773373519662467, levelgen mode: deterministic

84 2tousent the Changer (level 4, 0/35 HPs)
             Began as a Draconian Transmuter on Dec 30, 2019.
             Succumbed to an adder's poison
             ... on level 2 of the Dungeon.
             The game lasted 00:04:06 (1550 turns).

2tousent the Changer (Draconian Transmuter)         Turns: 1550, Time: 00:04:07

Health: 0/35       AC:  7    Str: 13    XL:     4   Next: 23%
Magic:  6/7        EV: 12    Int: 13    God:
Gold:   142        SH:  0    Dex: 12    Spells: 1/7 levels left

rFire    . . .     SeeInvis .     - Unarmed
rCold    . . .     Gourm    .   (no shield)
rNeg     . . .     Faith    .   (armour unavailable)
rPois    .         Spirit   .   i - +2 hat
rElec    .         Reflect  .   (no cloak)
rCorr    .         Harm     .   (no gloves)
MR       .....                  (no boots)
Stlth    +.........             (no amulet)
HPRegen  0.11/turn              (no ring)
MPRegen  0.10/turn              (no ring)

@: lethally poisoned (0 -> -4), very slightly contaminated
A: unfitting armour, cold-blooded, AC +5
a: no special abilities


You were on level 2 of the Dungeon.
You were hungry.

You visited 1 branch of the dungeon, and saw 3 of its levels.

You collected 142 gold pieces.

Inventory:

Missiles
 a - 12 arrows
Armour
 i - a +2 hat (worn)
Potions
 b - a potion of berserk rage
 d - a potion of ambrosia {unknown}
 e - a potion of flight {unknown}
 f - 2 potions of degeneration {unknown}
 h - a potion of heal wounds {unknown}
Comestibles
 c - 4 rations
 k - 2 chunks of flesh


   Skills:
 - Level 1.1 Fighting
 - Level 1.7 Dodging
 + Level 3.8 Unarmed Combat
 - Level 2.0 Spellcasting
 * Level 3.9 Transmutations


You had one spell level left.
You knew the following spells:

 Your Spells              Type           Power        Failure   Level  Hunger
a - Beastly Appendage     Tmut           ##....       4%          1    ##.....
b - Spider Form           Tmut/Pois      #.........   34%         3    ####...
c - Sticks to Snakes      Tmut           ##......     8%          2    ###....

Your spell library contained the following spells:

 Spells                   Type           Power        Failure   Level  Hunger
 Ice Form                 Ice/Tmut       #.......     75%         4    #####..
 Blade Hands              Tmut           ##........   80%         5    ######.


Dungeon Overview and Level Annotations

Branches:
Dungeon (3/15)

Altars:
Hepliaklqana


Innate Abilities, Weirdness & Mutations

Your plain brown scales are hard. (AC +5)
You cannot fit into any form of body armour.
You are cold-blooded and may be slowed by cold attacks.


Message History

The adder poisons you!
You barely miss the adder.
The adder is heavily wounded.
You feel sick. The orc hits you with a +0 club.
* * * LOW HITPOINT WARNING * * *
The adder closely misses you.
You miss the adder.
Your tail-slap misses the adder.
The adder is heavily wounded.
The orc closely misses you. The adder bites you but does no damage.
You punch the adder!
You kill the adder!
* * * LOW HITPOINT WARNING * * *
You feel sick. The orc hits you with a +0 club.
* * * LOW HITPOINT WARNING * * *
The orc misses you.
* * * LOW HITPOINT WARNING * * *
You feel sick. The orc barely misses you.
* * * LOW HITPOINT WARNING * * *
You feel sick.
You die...

##### #.###......#
....#### #..##......#
###....# ##.##......#
..#....#####.##......#
#.#....'......#....###
#.##...#####..#....#
..##...# #.รท.....#
######## #.......#
###..@..# #.....#
#.#o### #...# ##..#
#..# ##># ###


You could see an orc.

Vanquished Creatures
  4 adders
  A dart slug (D:1)
  2 leopard geckos
  2 orcs (D:3)
  A ball python (D:2)
  2 giant cockroaches
  4 goblins
  6 hobgoblins
  5 jackals
  2 bats
  5 frilled lizards
  5 kobolds (D:1)
  2 rats
41 creatures vanquished.

Notes
Turn   | Place    | Note
-------+----------+-------------------------------------------
     0 | D:1      | 2tousent the Draconian Transmuter began the quest for the
                  | Orb.
     0 | D:1      | Reached XP level 1. HP: 16/16 MP: 3/3
   175 | D:1      | Reached XP level 2. HP: 9/23 MP: 3/5
   398 | D:1      | Learned a level 2 spell: Sticks to Snakes
  1141 | D:2      | Reached XP level 3. HP: 20/28 MP: 4/6
  1148 | D:2      | Learned a level 3 spell: Spider Form
  1494 | D:3      | Found a hazy altar of Hepliaklqana.
  1505 | D:3      | Reached XP level 4. HP: 33/35 MP: 7/7
  1547 | D:2      | HP: 1/35 [poisoned by an adder]
  1550 | D:2      | Succumbed to an adder's poison

Levels and vault maps discovered:
D:1:      tarquinn_simple_flora_water_e, layout_loops_ring
D:2:      layout_basic
D:3:      layout_basic, overflow_temple_1_default, gammafunk_ghost_nasty_kobolds

Skill      XL: |  1  2 |
---------------+-------+-----
Transmutations | 3 |  3.9
Fighting       | |  1.1
Dodging        | |  1.7
Unarmed Combat | |  3.8
Spellcasting   | |  2.0

Action                   |  1- 3 |  4- 6 || total
-------------------------+-------+-------++-------
Melee: Unarmed           |   146 |    30 ||   176
       Tailslap          |     9 |     1 ||    10
       Punch             |     3 |       ||     3
       Kick              |     1 |       ||     1
 Cast: Beastly Appendage |     3 |       ||     3
       Spider Form       |     1 |       ||     1
  Use: Scroll            |     6 |       ||     6
  Eat: Chunk             |     2 |       ||     2
Armor: Skin              |    49 |    16 ||    65
Dodge: Dodged            |   101 |    33 ||   134

Table legend:
 A = Non-vault XP
 B = Vault XP
 C = Vault XP percentage of total XP
 D = Non-vault monster count
 E = Vault monster count
 F = Vault count percentage of total count
                 A         B        C        D         E       F
            +---------+---------+-------+---------+---------+-------
      Total |     120 |       0 |   0.0 |      41 |       0 |   0.0
            +---------+---------+-------+---------+---------+-------
        D:1 |      31 |       0 |   0.0 |      18 |       0 |   0.0
        D:2 |      62 |       0 |   0.0 |      16 |       0 |   0.0
        D:3 |      27 |       0 |   0.0 |       7 |       0 |   0.0
            +---------+---------+-------+---------+---------+-------
